[Event "ICC tourney 2783 (30 10)"]
[Site "Internet Chess Club"]
[Date "2022.01.02"]
[Round "2"]
[White "GEVORGYAN, DAVIT:Davo29"]
[Black "HOSUR, SANMITA:phosur"]
[Result "1-0"]
[ICCResult "Black forfeits on time"]
[WhiteElo "1573"]
[BlackElo "1306"]
[Opening "Sicilian: Hungarian variation"]
[ECO "B27"]
[NIC "SI.43"]
[Time "14:00:21"]
[PlyCount "41"]
[TimeControl "1800+10"]

1. e4 c5 2. Nf3 g6 3. c3 Bg7 4. d4 cxd4 5. cxd4 d5 6. e5 Nc6 7. Nc3 h6 8.
Bb5 e6 9. Bxc6+ bxc6 10. O-O Ba6 11. Re1 Ne7 12. Na4 O-O 13. Nc5 Bc8 14. Bd2
Nf5 15. Rc1 Bd7 16. Qc2 Be8 17. Bb4 Ne7 18. Nb7 Qc7 19. Nd6 Bd7 20. Nd2 Rfd8
21. Nb3 {Black forfeits on time} 1-0

[Event "ICC tourney 2783 (30 10)"]
[Site "Internet Chess Club"]
[Date "2022.01.02"]
[Round "2"]
[White "AYYAPPAN, ANUSHKA:Anushkaa"]
[Black "KU, HUNTER:petitejudo"]
[Result "1-0"]
[ICCResult "Black checkmated"]
[WhiteElo "1303"]
[BlackElo "1160"]
[Opening "Sicilian: Najdorf, Byrne (English) attack"]
[ECO "B90"]
[NIC "SI.14"]
[Time "14:00:24"]
[PlyCount "139"]
[TimeControl "1800+10"]

1. e4 c5 2. Nf3 d6 3. d4 cxd4 4. Nxd4 Nf6 5. Nc3 a6 6. Be3 e5 7. Nb3 Be7 8.
Be2 O-O 9. O-O Be6 10. f4 Nc6 11. Qd2 Rc8 12. Rad1 b5 13. Bf3 Ng4 14. Bxg4
Bxg4 15. Rde1 f5 16. h3 Bh5 17. exf5 Rxf5 18. g4 Bh4 19. Re2 exf4 20. Bxf4
Bg5 21. gxf5 Bxf4 22. Qxf4 Bxe2 23. Nxe2 Qf6 24. c3 Ne5 25. Qd4 Rc4 26. Qd5+
Kf8 27. Ned4 Qg5+ 28. Qg2 Qe3+ 29. Kh1 Kf7 30. Qd5+ Kf6 31. Qxd6+ Kg5 32.
Nf3+ Nxf3 33. Qg3+ Kh6 34. Qxf3 Qxf3+ 35. Rxf3 Kh5 36. f6 gxf6 37. Rxf6 Rh4
38. Kg2 Re4 39. Nc5 Re2+ 40. Rf2 Rxf2+ 41. Kxf2 a5 42. a4 bxa4 43. Nxa4 Kh4
44. Kg2 Kg5 45. c4 Kf5 46. Kf3 Ke5 47. Ke3 h6 48. Nc3 Kd6 49. Kd4 Kc6 50.
Ne4 a4 51. Nc3 a3 52. bxa3 h5 53. Ne4 h4 54. Nd2 Kb7 55. Nf3 Ka7 56. Nxh4
Kb7 57. Kd5 Ka7 58. Kd6 Kb6 59. c5+ Kb5 60. c6 Ka4 61. c7 Kb3 62. c8=Q Ka2
63. a4 Kb3 64. Qc5 Kb2 65. Qc4 Ka3 66. Qb5 Ka2 67. a5 Ka3 68. a6 Ka2 69. a7
Ka1 70. a8=Q# {Black checkmated} 1-0

[Event "ICC tourney 2783 (30 10)"]
[Site "Internet Chess Club"]
[Date "2022.01.02"]
[Round "2"]
[White "LAIDO, MATTHEW:Dabao"]
[Black "Mason, Mike W:MikeWMason"]
[Result "1/2-1/2"]
[ICCResult "Game drawn by mutual agreement"]
[WhiteElo "1062"]
[BlackElo "1550"]
[Opening "Sicilian: Alapin's variation (2.c3)"]
[ECO "B22"]
[NIC "SI.46"]
[Time "14:00:41"]
[PlyCount "70"]
[TimeControl "1800+10"]

1. e4 c5 2. c3 d5 3. exd5 Qxd5 4. d4 cxd4 5. cxd4 Nc6 6. Nf3 Nf6 7. Nc3 Qd8
8. Bf4 a6 9. Be2 e6 10. a3 Be7 11. O-O O-O 12. Qd2 b5 13. b4 Bb7 14. Rad1
Qb6 15. Bd3 Rfd8 16. Bc2 e5 17. Bxe5 Nxe5 18. Nxe5 Bd6 19. Qe3 Bxe5 20. Qxe5
Qc6 21. Qg3 Rac8 22. Rc1 Qd6 23. Qxd6 Rxd6 24. Ne2 g6 25. Bb3 Nd5 26. Rxc8+
Bxc8 27. Rc1 Bb7 28. Rc5 Kf8 29. Kf1 Ke7 30. Ke1 Kd7 31. g3 f6 32. Kd2 Ne7
33. Kd3 Bf3 34. Ke3 Bxe2 35. Kxe2 Rxd4 {Game drawn by mutual agreement}
1/2-1/2

[Event "ICC tourney 2783 (30 10)"]
[Site "Internet Chess Club"]
[Date "2022.01.02"]
[Round "2"]
[White "MILLER, COLLIN ALEXANDER:Camrynz1"]
[Black "BUENAVISTA, PROSPERO SILOS:perryb"]
[Result "0-1"]
[ICCResult "White checkmated"]
[WhiteElo "1458"]
[BlackElo "1697"]
[Opening "Old Indian defense"]
[ECO "E62"]
[NIC "OI.04"]
[Time "14:00:41"]
[PlyCount "82"]
[TimeControl "1800+10"]

1. d4 d6 2. c4 Nf6 3. Nc3 g6 4. g3 Bg7 5. Bg2 O-O 6. Nf3 c6 7. Bg5 Qc7 8. e4
Nbd7 9. Qd2 Rd8 10. O-O e5 11. d5 a5 12. Bh6 Bh8 13. Qg5 Nc5 14. Nd2 Ng4 15.
Qh4 Nxh6 16. Qxh6 Bg7 17. Qe3 Qe7 18. Rae1 h5 19. b3 Kh7 20. a3 Bh6 21. f4
exf4 22. gxf4 Re8 23. b4 axb4 24. axb4 Nd7 25. Qf2 Bg7 26. Ne2 Ra2 27. Qe3
c5 28. b5 Nb6 29. Kh1 Bg4 30. Nc1 Bd4 31. Qxd4 cxd4 32. Nxa2 Ra8 33. Nc1 Qh4
34. Ncb3 d3 35. e5 Be2 36. Rg1 Qxf4 37. exd6 Ra2 38. c5 Nd7 39. c6 Ne5 40.
d7 Ng4 41. Nf3 Nf2# {White checkmated} 0-1

[Event "ICC tourney 2783 (30 10)"]
[Site "Internet Chess Club"]
[Date "2022.01.02"]
[Round "2"]
[White "BRUDNO, STEPHEN:StevChess01"]
[Black "KOGAN, NIKITA:K09-17190210"]
[Result "1-0"]
[ICCResult "Black checkmated"]
[WhiteElo "1440"]
[BlackElo "1182"]
[Opening "QGD Slav/Grünfeld: Schlechter variation"]
[ECO "D15"]
[NIC "SL.03"]
[Time "14:00:43"]
[PlyCount "157"]
[TimeControl "1800+10"]

1. d4 d5 2. c4 c6 3. Nf3 Nf6 4. Nc3 g6 5. Bf4 Bg7 6. e3 O-O 7. Be2 Bg4 8.
O-O Nbd7 9. Rc1 Re8 10. cxd5 cxd5 11. Nb5 Bxf3 12. Bxf3 e5 13. dxe5 Nxe5 14.
Nc7 Nxf3+ 15. Qxf3 Ne4 16. Qe2 g5 17. Nxe8 gxf4 18. Nxg7 Kxg7 19. exf4 Qf6
20. Qg4+ Kh8 21. Rc8+ Rxc8 22. Qxc8+ Kg7 23. Qc2 Qxf4 24. Rd1 Qg5 25. Qe2
Qf5 26. f3 Nf6 27. Qd2 Qe5 28. Re1 Qf5 29. Qe2 Qc8 30. Qe5 Qc5+ 31. Kf1 Qc4+
32. Re2 Qc1+ 33. Kf2 Qc5+ 34. Kg3 Kg6 35. h4 Nh5+ 36. Kh2 f6 37. Qe8+ Kh6
38. Qe3+ Qxe3 39. Rxe3 Kg6 40. g3 Kf5 41. Rd3 Ke5 42. Kg2 f5 43. Kf2 Nf6 44.
Rb3 b6 45. Ra3 a5 46. Rb3 Nd7 47. Ke3 d4+ 48. Ke2 f4 49. g4 d3+ 50. Rxd3 Nc5
51. Rd8 Na4 52. Rb8 Kd4 53. g5 Ke5 54. Kd2 Nxb2 55. Kc3 Na4+ 56. Kb3 Nc5+
57. Kc4 Na4 58. Rb7 Nb2+ 59. Kb3 Nd3 60. Rxb6 a4+ 61. Kxa4 Nc5+ 62. Kb5 Ne6
63. Rxe6+ Kxe6 64. Kc5 Kf5 65. Kd5 Kg6 66. a4 Kh5 67. a5 Kxh4 68. a6 Kxg5
69. a7 Kh4 70. a8=Q Kg3 71. Ke4 h5 72. Qg8+ Kh2 73. Qg5 h4 74. Qxh4+ Kg2 75.
Qg5+ Kf1 76. Qxf4 Kf2 77. Qg4 Kf1 78. Ke3 Ke1 79. Qg1# {Black checkmated}
1-0

[Event "ICC tourney 2783 (30 10)"]
[Site "Internet Chess Club"]
[Date "2022.01.02"]
[Round "2"]
[White "PRABHU, TANYA GURPUR MADKE:BeBunnie9"]
[Black "Krishnan, Ashvath:ashvathk5"]
[Result "0-1"]
[ICCResult "White checkmated"]
[WhiteElo "1159"]
[BlackElo "1282"]
[Opening "Ponziani opening"]
[ECO "C44"]
[NIC "KP.05"]
[Time "14:00:50"]
[PlyCount "98"]
[TimeControl "1800+10"]

1. e4 e5 2. Nf3 Nc6 3. c3 d6 4. d4 Nf6 5. h3 Be7 6. Be3 Nxe4 7. d5 Nb8 8.
Qa4+ Bd7 9. Qxe4 f5 10. Qc2 O-O 11. Be2 Qe8 12. Bg5 Bxg5 13. Nxg5 Qg6 14.
Ne6 Bxe6 15. dxe6 Qxe6 16. Nd2 Qg6 17. O-O Nd7 18. Rab1 Nf6 19. Qb3+ Kh8 20.
Qxb7 e4 21. f4 Qg3 22. Nc4 d5 23. Ne5 Qe3+ 24. Rf2 Rfc8 25. Ba6 Rab8 26. Qc6
Rb6 27. Qa4 Rcb8 28. Qa3 d4 29. Nc4 Qd3 30. Re1 Re6 31. Rd2 Qg3 32. Rf1 e3
33. Nxe3 Qxe3+ 34. Rff2 Ne4 35. Re2 Qg3 36. Rf3 Qg6 37. Bb7 Nd6 38. Ba6 Rxe2
39. Bxe2 Re8 40. Bd3 Ne4 41. cxd4 Qb6 42. Qa4 c6 43. Kh2 Re6 44. Re3 Qb8 45.
g3 Qxb2+ 46. Bc2 Qc1 47. Qc4 Qxe3 48. Qxe6 Qf2+ 49. Kh1 Nxg3# {White
checkmated} 0-1

[Event "ICC tourney 2783 (30 10)"]
[Site "Internet Chess Club"]
[Date "2022.01.02"]
[Round "3"]
[White "Doan Giang, Nguyen Doan:Doctorstrange04"]
[Black "SPERBER, JACOB:jacobsperber"]
[Result "1-0"]
[ICCResult "Black resigns"]
[WhiteElo "1575"]
[BlackElo "1525"]
[Opening "Queen's pawn: London system"]
[ECO "A45"]
[NIC "QP.07"]
[Time "16:00:57"]
[PlyCount "53"]
[TimeControl "1800+10"]

1. d4 Nf6 2. Bf4 g6 3. e3 Bg7 4. Nf3 O-O 5. h3 d6 6. Be2 Nbd7 7. O-O Re8 8.
Bh2 e5 9. c3 Qe7 10. a4 a5 11. Na3 exd4 12. cxd4 c6 13. Nc4 Ne4 14. Nfd2
Ndf6 15. Bd3 Nxd2 16. Qxd2 d5 17. Nb6 Be6 18. Nxa8 Rxa8 19. Ra3 g5 20. Qc2
Kh8 21. Rb3 g4 22. hxg4 Nxg4 23. Bg3 Qg5 24. Rxb7 h5 25. Bf4 Qh4 26. f3 Nf6
27. Qf2 {Black resigns} 1-0

[Event "ICC tourney 2783 (30 10)"]
[Site "Internet Chess Club"]
[Date "2022.01.02"]
[Round "3"]
[White "KOGAN, NIKITA:K09-17190210"]
[Black "DHURJATI, ANAGHA:amdink"]
[Result "0-1"]
[ICCResult "White checkmated"]
[WhiteElo "1182"]
[BlackElo "1463"]
[Opening "Giuoco Piano"]
[ECO "C54"]
[NIC "IG.02"]
[Time "16:00:56"]
[PlyCount "62"]
[TimeControl "1800+10"]

1. e4 e5 2. Nf3 Nc6 3. Bc4 Bc5 4. c3 Nf6 5. d4 exd4 6. e5 d5 7. Bb5 Ne4 8.
cxd4 Be7 9. Bxc6+ bxc6 10. O-O O-O 11. Nc3 Bg4 12. h3 Bh5 13. g4 Bg6 14. Qa4
Qd7 15. e6 Qxe6 16. Ne5 c5 17. Nd7 Rfd8 18. Nxe4 Bxe4 19. Nxc5 Bxc5 20. dxc5
Qf6 21. f4 Qh6 22. Kh2 Re8 23. f5 Qf6 24. g5 Qe5+ 25. Bf4 Qxb2+ 26. Kg3 Qc3+
27. Kh4 Bg2 28. Rh1 Bxh1 29. Rxh1 Re4 30. Qc6 Rxf4+ 31. Kh5 Qf3#
{White checkmated}
0-1

[Event "ICC tourney 2783 (30 10)"]
[Site "Internet Chess Club"]
[Date "2022.01.02"]
[Round "3"]
[White "LEBLOND, DIEGO V:sultandiego"]
[Black "BLIZNIUK, STANISLAW:Sbliz20"]
[Result "0-1"]
[ICCResult "White resigns"]
[WhiteElo "1463"]
[BlackElo "1443"]
[Opening "English: Caro-Kann defensive system"]
[ECO "A11"]
[NIC "EO.64"]
[Time "16:00:45"]
[PlyCount "96"]
[TimeControl "1800+10"]

1. c4 c6 2. Nc3 d5 3. cxd5 cxd5 4. e3 Nc6 5. d4 Nf6 6. Be2 Bf5 7. Qb3 Rb8 8.
Nf3 e6 9. Ne5 Bd6 10. f4 O-O 11. Bd2 Ne4 12. Nxe4 Bxe4 13. Kf2 Qh4+ 14. g3
Qh3 15. Bf3 Nxe5 16. dxe5 Bxf3 17. Kxf3 Bc5 18. Rac1 Rfc8 19. Qc2 b6 20. b4
Qh5+ 21. Kg2 Qe2+ 22. Kh3 Qh5+ 23. Kg2 Qe2+ 24. Kh3 Bf8 25. Qd1 Qb5 26. a3
Rxc1 27. Bxc1 Qa6 28. Kg2 Rc8 29. Bb2 Qc4 30. Bc1 Qe4+ 31. Kh3 Qf5+ 32. g4
Qe4 33. Rf1 Rc2 34. Bd2 Qd3 35. Rf2 d4 36. Qe2 Qxe2 37. Rxe2 dxe3 38. Rxe3
Rxd2 39. Rc3 Rd5 40. g5 Rd4 41. Kg4 h5+ 42. gxh6 gxh6 43. Rc7 a5 44. Rb7
axb4 45. Rxb6 bxa3 46. Rb3 Ra4 47. Kh5 a2 48. Rg3+ Kh7 {White resigns} 0-1

[Event "ICC tourney 2783 (30 10)"]
[Site "Internet Chess Club"]
[Date "2022.01.02"]
[Round "3"]
[White "DUDIPALA, DAKSH:swathivjdp"]
[Black "BHAGWAGAR, SARVIN:TheSuperKnight"]
[Result "1-0"]
[ICCResult "Black checkmated"]
[WhiteElo "1406"]
[BlackElo "1193"]
[Opening "Caro-Kann defense"]
[ECO "B10"]
[NIC "CK.01"]
[Time "16:01:09"]
[PlyCount "61"]
[TimeControl "1800+10"]

1. e4 c6 2. Nf3 d5 3. exd5 cxd5 4. d4 Nf6 5. c4 Bf5 6. Nc3 e6 7. Bg5 Nbd7 8.
Qb3 dxc4 9. Bxc4 Nb6 10. Bb5+ Nbd7 11. Ne5 Be7 12. Bxf6 Bxf6 13. Nxd7 a6 14.
Nxf6+ Kf8 15. Qa3+ Qe7 16. Nd7+ Ke8 17. Nb6+ Kd8 18. Nxa8 axb5 19. Qa5+ Ke8
20. Qxb5+ Kd8 21. Rc1 Qf6 22. O-O Qg6 23. Nb6 Ke7 24. Qe5 Rd8 25. Ncd5+ Kf8
26. Rc8 Rxc8 27. Qd6+ Kg8 28. Nxc8 Qg5 29. Nce7+ Qxe7 30. Nxe7+ Kf8 31. Qd8#
{Black checkmated}
1-0

[Event "ICC tourney 2783 (30 10)"]
[Site "Internet Chess Club"]
[Date "2022.01.02"]
[Round "3"]
[White "Zhang, Oscar Yihang:oscaryhz"]
[Black "BRUDNO, STEPHEN:StevChess01"]
[Result "1-0"]
[ICCResult "Black resigns"]
[WhiteElo "1086"]
[BlackElo "1440"]
[Opening "Sicilian: O'Kelly variation"]
[ECO "B28"]
[NIC "SI.43"]
[Time "16:00:50"]
[PlyCount "79"]
[TimeControl "1800+10"]

1. e4 c5 2. Nf3 a6 3. d4 cxd4 4. Nxd4 Nf6 5. Nc3 e5 6. Nf3 Bb4 7. Bd2 O-O 8.
Bd3 Bxc3 9. Bxc3 d5 10. exd5 e4 11. Bxf6 Qxf6 12. Bxe4 Re8 13. Nd2 Bf5 14.
f3 Qb6 15. Kf1 Qb5+ 16. c4 Qd7 17. Bxf5 Qxf5 18. Nb3 Nd7 19. Nd4 Qf6 20. b3
Ne5 21. Kg1 Qf4 22. g3 Qxd4+ 23. Qxd4 Nxf3+ 24. Kf2 Nxd4 25. Rad1 Nf5 26. d6
b6 27. d7 Red8 28. Rhe1 Kf8 29. g4 Ne7 30. Rd6 Rab8 31. b4 Rb7 32. Red1 Rc7
33. Rxb6 f6 34. Rxa6 Rxc4 35. b5 Rc7 36. b6 Rcxd7 37. Rxd7 Rxd7 38. Ra7 Rxa7
39. bxa7 Nc6 40. a8=Q+ {Black resigns} 1-0

[Event "ICC tourney 2783 (30 10)"]
[Site "Internet Chess Club"]
[Date "2022.01.02"]
[Round "3"]
[White "KU, HUNTER:petitejudo"]
[Black "Luo, Leon:leonluo"]
[Result "0-1"]
[ICCResult "White checkmated"]
[WhiteElo "1160"]
[BlackElo "1259"]
[Opening "King's gambit"]
[ECO "C30"]
[NIC "KG.05"]
[Time "16:00:53"]
[PlyCount "108"]
[TimeControl "1800+10"]

1. e4 e5 2. f4 d6 3. Nf3 Nc6 4. Bb5 Bg4 5. Nc3 Ne7 6. d3 a6 7. Bxc6+ Nxc6 8.
h3 Bd7 9. O-O Be7 10. Nd5 O-O 11. Nxe7+ Qxe7 12. c3 f5 13. Qb3+ Kh8 14. fxe5
fxe4 15. exd6 cxd6 16. Bg5 Qe8 17. dxe4 Qxe4 18. Qxb7 Ra7 19. Nd4 Rg8 20.
Qb6 Nxd4 21. Qxd4 Qxd4+ 22. cxd4 Rb7 23. b3 h6 24. Be7 Bb5 25. Rf7 Be8 26.
Rf5 Rxe7 27. Raf1 Bg6 28. Rd5 Rd8 29. Rd1 Be4 30. Ra5 Bb7 31. Kf2 Rde8 32.
g4 Re2+ 33. Kg3 R8e3+ 34. Kh4 Rh2 35. Kh5 Kh7 36. g5 Rexh3+ 37. Kg4 Bf3+ 38.
Kf4 Bxd1 39. Kf5 Rf2+ 40. Ke6 hxg5 41. Rxg5 Rf6+ 42. Kd5 Bf3+ 43. Kc4 Be2+
44. Kd5 Rh5 45. Rxh5+ Bxh5 46. Kc6 g5 47. Kb6 g4 48. Kxa6 g3 49. b4 g2 50.
b5 g1=Q 51. b6 Qxd4 52. b7 d5+ 53. Kb5 Qc4+ 54. Ka5 Ra6# {White checkmated}
0-1

[Event "ICC tourney 2783 (30 10)"]
[Site "Internet Chess Club"]
[Date "2022.01.02"]
[Round "3"]
[White "PARLAPALLI, ANIKETH SAI:chessboss05"]
[Black "BAI, JEFFREY:Jeffchess"]
[Result "0-1"]
[ICCResult "White forfeits on time"]
[WhiteElo "1337"]
[BlackElo "1174"]
[Opening "French: Réti (Spielmann) variation"]
[ECO "C00"]
[NIC "FR.01"]
[Time "16:01:31"]
[PlyCount "68"]
[TimeControl "1800+10"]

1. e4 e6 2. b3 d5 3. Bb2 dxe4 4. Nc3 Nf6 5. g4 h6 6. Bg2 e5 7. h3 Bb4 8.
Nxe4 Nxe4 9. Bxe4 O-O 10. a3 Ba5 11. b4 Bb6 12. Qf3 f5 13. Bd5+ Kh8 14. Bxb7
fxg4 15. Qe4 Bxb7 16. Qxb7 Rxf2 17. O-O-O Nd7 18. hxg4 Nf6 19. Bxe5 Nxg4 20.
Nf3 Rb8 21. Qe4 Nxe5 22. Nxe5 Qg5 23. Ng6+ Kh7 24. Nf8+ Kg8 25. Qh7+ Kxf8
26. Qh8+ Ke7 27. Qxb8 Qf6 28. Rhe1+ Kd6 29. Kb1 Qf8 30. Qb7 Qf3 31. Qxf3
Rxf3 32. Rf1 Rxa3 33. Rf7 Rg3 34. Re1 Bd4 {White forfeits on time} 0-1

[Event "ICC tourney 2783 (30 10)"]
[Site "Internet Chess Club"]
[Date "2022.01.02"]
[Round "3"]
[White "Mason, Mike W:MikeWMason"]
[Black "Bharathy Mohan, Aarav Sai:aaravbm"]
[Result "1-0"]
[ICCResult "Black checkmated"]
[WhiteElo "1550"]
[BlackElo "709"]
[Opening "Giuoco Piano"]
[ECO "C50"]
[NIC "IG.02"]
[Time "16:00:49"]
[PlyCount "81"]
[TimeControl "1800+10"]

1. e4 e5 2. Nf3 Nc6 3. Bc4 Bc5 4. d4 exd4 5. O-O d6 6. c3 dxc3 7. Nxc3 Bg4
8. Qb3 Na5 9. Qa4+ Nc6 10. Ng5 Nh6 11. Kh1 a6 12. Qb3 Ne5 13. f3 Bh5 14. Be2
Qc8 15. h3 f6 16. Ne6 Bf7 17. Nxg7+ Kf8 18. Qc2 Kxg7 19. f4 Ng6 20. Rf3 Ne7
21. f5 Nhg8 22. g4 Kf8 23. Bf4 Qd7 24. g5 fxg5 25. Bxg5 Qc6 26. Qd2 Bb4 27.
Bh6+ Ke8 28. Bg7 Bxc3 29. bxc3 Qxe4 30. Bxh8 Bh5 31. Rf1 Bxf3+ 32. Bxf3 Qxf5
33. Bg2 Qb5 34. Qf4 Kd7 35. Qg4+ Ke8 36. Bg7 Ng6 37. Re1+ N8e7 38. Bf6 Qd7
39. Qg5 Rb8 40. Bxe7 Nxe7 41. Qg8# {Black checkmated} 1-0

[Event "ICC tourney 2783 (30 10)"]
[Site "Internet Chess Club"]
[Date "2022.01.02"]
[Round "3"]
[White "HOSUR, SANMITA:phosur"]
[Black "LAIDO, MATTHEW:Dabao"]
[Result "0-1"]
[ICCResult "White forfeits on time"]
[WhiteElo "1306"]
[BlackElo "1062"]
[Opening "QGD: 4.Bg5 Be7"]
[ECO "D53"]
[NIC "QO.13"]
[Time "16:00:44"]
[PlyCount "80"]
[TimeControl "1800+10"]

1. d4 d5 2. c4 e6 3. Nc3 Nf6 4. Bg5 Be7 5. Nf3 h6 6. Bf4 c5 7. dxc5 Bxc5 8.
e3 Nc6 9. cxd5 exd5 10. Bb5 a6 11. Bxc6+ bxc6 12. O-O O-O 13. Ne5 Bb7 14.
Qb3 Qc8 15. Na4 Ba7 16. Rac1 Nh5 17. Nc5 Bxc5 18. Rxc5 Nxf4 19. exf4 Re8 20.
Rfc1 Re6 21. Qa4 Qe8 22. Qb3 Rb8 23. Qd3 f6 24. Nf3 Re4 25. h3 Rxf4 26. Re1
Qf8 27. Qc3 Re4 28. Rxe4 dxe4 29. Nd4 Rc8 30. Nxc6 Qd6 31. Ne7+ Qxe7 32.
Rxc8+ Bxc8 33. Qxc8+ Kh7 34. Qxa6 Qc5 35. Qe2 Qc1+ 36. Kh2 Qc7+ 37. g3 f5
38. Kg2 Qa5 39. a3 Qa4 40. g4 f4 {White forfeits on time} 0-1

[Event "ICC tourney 2783 (30 10)"]
[Site "Internet Chess Club"]
[Date "2022.01.02"]
[Round "3"]
[White "Mehta, Dhairya  M:Chesschamp27"]
[Black "GEVORGYAN, DAVIT:Davo29"]
[Result "1/2-1/2"]
[ICCResult "Game drawn by the 50 move rule"]
[WhiteElo "1529"]
[BlackElo "1573"]
[Opening "Caro-Kann: advance variation"]
[ECO "B12"]
[NIC "CK.04"]
[Time "16:00:47"]
[PlyCount "219"]
[TimeControl "1800+10"]

1. e4 c6 2. d4 d5 3. e5 Bf5 4. h4 h6 5. g4 Be4 6. f3 Bh7 7. Bd3 Bxd3 8. Qxd3
e6 9. Be3 c5 10. dxc5 Nc6 11. f4 Qa5+ 12. c3 Bxc5 13. b4 Bxb4 14. cxb4 Nxb4
15. Qc3 Nc2+ 16. Kd2 Qxc3+ 17. Nxc3 Nxa1 18. Nf3 Nb3+ 19. axb3 Ne7 20. Nb5
Kd7 21. Nd6 b6 22. Nxf7 Rhf8 23. Nd6 g6 24. Nd4 h5 25. Rc1 a6 26. g5 Nc8 27.
Nc6 Nxd6 28. exd6 Kxd6 29. Ne5 Rac8 30. Nxg6 Rxc1 31. Kxc1 Rg8 32. Ne5 b5
33. b4 d4 34. Bxd4 Kd5 35. Be3 Ke4 36. Bd2 Kf5 37. Kb2 Rd8 38. Bc3 Rg8 39.
Nd3 Kg4 40. g6 Kxh4 41. g7 Kg3 42. Nc5 h4 43. Be1+ Kg4 44. Bxh4 Kxh4 45.
Nxe6 Kg4 46. Kc3 Kf5 47. Nc7 Rxg7 48. Nxa6 Kxf4 49. Kd4 Ra7 50. Nb8 Rc7 51.
Kd5 Rc4 52. Nc6 Ke3 53. Na7 Rxb4 54. Kc5 Rh4 55. Nxb5 Kd3 56. Nd6 Rh5+ 57.
Kb4 Rd5 58. Nb5 Rh5 59. Nd6 Rh6 60. Kc5 Kc3 61. Ne4+ Kb3 62. Kd4 Kb4 63. Ke5
Kc4 64. Nd6+ Kc5 65. Ne4+ Kc6 66. Kd4 Rh1 67. Nf2 Rh4+ 68. Ke5 Rh2 69. Nd3
Kb5 70. Nf4 Kc4 71. Ke4 Rh8 72. Kf5 Kd4 73. Ne6+ Kd5 74. Nf4+ Kd6 75. Ke4
Kc5 76. Ne6+ Kc4 77. Ng7 Rd8 78. Ke5 Rd1 79. Nf5 Kc5 80. Ke4 Re1+ 81. Kd3
Rf1 82. Ne3 Rf4 83. Ng2 Rg4 84. Ne3 Rd4+ 85. Ke2 Ra4 86. Kf3 Kd4 87. Nf5+
Kd3 88. Nd6 Ra6 89. Nf5 Re6 90. Kf4 Re4+ 91. Kf3 Re1 92. Kf4 Kc4 93. Ne3+
Kd3 94. Nd5 Kd4 95. Nf6 Rf1+ 96. Kg5 Ke5 97. Ng4+ Ke6 98. Ne3 Rf8 99. Kg4
Ke5 100. Kg3 Ke4 101. Ng2 Kd3 102. Nf4+ Ke3 103. Ng2+ Ke2 104. Nf4+ Ke3 105.
Ng2+ Ke4 106. Nh4 Rf4 107. Ng2 Rf3+ 108. Kh2 Ra3 109. Ne1 Re3 110. Ng2
{Game drawn by the 50 move rule}
1/2-1/2

[Event "ICC tourney 2783 (30 10)"]
[Site "Internet Chess Club"]
[Date "2022.01.02"]
[Round "3"]
[White "Krishnan, Ashvath:ashvathk5"]
[Black "KRISHNAN, SHREYANK:K05-16258876"]
[Result "1-0"]
[ICCResult "Black forfeits on time"]
[WhiteElo "1282"]
[BlackElo "1054"]
[Opening "Ruy Lopez: Anderssen variation"]
[ECO "C77"]
[NIC "RL.12"]
[Time "16:00:50"]
[PlyCount "71"]
[TimeControl "1800+10"]

1. e4 e5 2. Nf3 Nc6 3. Bb5 a6 4. Ba4 Nf6 5. d3 Be7 6. c3 b5 7. Bc2 O-O 8.
O-O d6 9. Nbd2 Bg4 10. Re1 h6 11. h3 Bh5 12. Nf1 Nd7 13. Ng3 Bg6 14. d4 Kh7
15. d5 Na7 16. Be3 Nf6 17. Nh4 Qd7 18. Nhf5 Nc8 19. Qf3 Nb6 20. b3 Rab8 21.
Rad1 Rfe8 22. h4 Kh8 23. Rc1 Rb7 24. Bb1 Rbb8 25. Bd3 Rb7 26. c4 bxc4 27.
bxc4 Na4 28. Bc2 Nc3 29. Bb3 Ncxe4 30. Nxe7 Qxe7 31. Nxe4 Bxe4 32. Qg3 Kh7
33. Bg5 hxg5 34. hxg5 Nh5 35. Qh4 Bg6 36. g4 {Black forfeits on time} 1-0

[Event "ICC tourney 2783 (30 10)"]
[Site "Internet Chess Club"]
[Date "2022.01.02"]
[Round "3"]
[White "BUENAVISTA, PROSPERO SILOS:perryb"]
[Black "BELEW, FINN:WaSabi5829"]
[Result "1-0"]
[ICCResult "Black resigns"]
[WhiteElo "1697"]
[BlackElo "1554"]
[Opening "Queen's pawn: London system"]
[ECO "A45"]
[NIC "QP.07"]
[Time "16:00:47"]
[PlyCount "76"]
[TimeControl "1800+10"]

1. d4 Nf6 2. Bf4 d6 3. e3 g6 4. Nf3 Bg7 5. Bd3 Nbd7 6. O-O O-O 7. h3 Re8 8.
Bg5 e5 9. Nbd2 h6 10. dxe5 dxe5 11. Bxf6 Qxf6 12. c3 Nc5 13. Bc2 b6 14. b4
Ne6 15. Be4 Rb8 16. Qb3 Ng5 17. Nxg5 Qxg5 18. Nf3 Qe7 19. Rad1 Be6 20. Bd5
Bxd5 21. Qxd5 Red8 22. Qc6 Rd6 23. Qa4 c6 24. Rxd6 Qxd6 25. Qxa7 Qd8 26. Qa4
c5 27. Rd1 Qf6 28. e4 Qe6 29. Qa7 Rc8 30. b5 Bf8 31. Rd7 c4 32. Qb7 Re8 33.
Nd2 Bc5 34. Qc6 Qxc6 35. bxc6 b5 36. Rd5 b4 37. Rxc5 bxc3 38. Nxc4 Re7
{Black resigns}
1-0

[Event "ICC tourney 2783 (30 10)"]
[Site "Internet Chess Club"]
[Date "2022.01.02"]
[Round "3"]
[White "PULIJALA, AKSHAJ:akshajp"]
[Black "GOVINDARAJULA, PRANAY SIDDHARTH:K06-17345554"]
[Result "1/2-1/2"]
[ICCResult "Game drawn by mutual agreement"]
[WhiteElo "1558"]
[BlackElo "1543"]
[Opening "Queen's pawn game"]
[ECO "D00"]
[NIC "QP.07"]
[Time "16:00:42"]
[PlyCount "115"]
[TimeControl "1800+10"]

1. d4 Nf6 2. Nc3 d5 3. Bf4 e6 4. Nb5 Na6 5. a3 c6 6. Nc3 c5 7. e3 Nc7 8. Nf3
Bd6 9. Bg3 O-O 10. Be2 b6 11. O-O Bxg3 12. hxg3 Bb7 13. Ne5 Nd7 14. Nf3 Ne8
15. Qd2 Nd6 16. Rfd1 f5 17. Ne5 Nxe5 18. dxe5 Ne4 19. Nxe4 fxe4 20. Bg4 Qe8
21. Qe2 a5 22. Qd2 Qf7 23. Rac1 h5 24. Bh3 g5 25. g4 h4 26. Rf1 Rad8 27. f4
Ba6 28. Rf2 Qg7 29. Re1 Bb7 30. c3 Rd7 31. fxg5 Rdf7 32. Ref1 Qxg5 33. Rxf7
Rxf7 34. Rxf7 Kxf7 35. Qf2+ Kg7 36. g3 hxg3 37. Qxg3 d4 38. cxd4 cxd4 39.
exd4 Qc1+ 40. Kh2 Qxb2+ 41. Bg2 e3 42. g5 Qxg2+ 43. Qxg2 Bxg2 44. Kxg2 b5
45. Kf3 b4 46. axb4 a4 47. b5 a3 48. b6 a2 49. b7 a1=Q 50. b8=Q Qxd4 51. Qd6
Qc4 52. Qe7+ Kg8 53. Kxe3 Qc3+ 54. Ke4 Qc4+ 55. Ke3 Qc3+ 56. Ke4 Qe1+ 57.
Kd4 Qd2+ 58. Ke4 {Game drawn by mutual agreement} 1/2-1/2

[Event "ICC tourney 2783 (30 10)"]
[Site "Internet Chess Club"]
[Date "2022.01.02"]
[Round "4"]
[White "HE, EDEN:edenhe"]
[Black "Mason, Mike W:MikeWMason"]
[Result "0-1"]
[ICCResult "White resigns"]
[WhiteElo "1484"]
[BlackElo "1550"]
[Opening "Sicilian: Najdorf, Byrne (English) attack"]
[ECO "B90"]
[NIC "SI.14"]
[Time "18:00:14"]
[PlyCount "54"]
[TimeControl "1800+10"]

1. e4 c5 2. Nf3 d6 3. d4 cxd4 4. Nxd4 Nf6 5. Nc3 a6 6. Be3 Ng4 7. Qd2 Nxe3
8. Qxe3 g6 9. Bc4 Bg7 10. O-O Nc6 11. Nxc6 bxc6 12. Qf3 O-O 13. Rad1 Qc7 14.
b3 h5 15. h3 Bb7 16. Qg4 hxg4 17. hxg4 Bxc3 18. Rd3 Bg7 19. Rh3 d5 20. exd5
cxd5 21. Bd3 e5 22. Be2 Qxc2 23. Bd3 Qxa2 24. Kh2 e4 25. Bb1 Qe2 26. Rh1
Be5+ 27. Rg3 Qxf2 {White resigns} 0-1